 Dungeon Crawl Stone Soup version 0.17.1-2-g5865329 (webtiles) character file.

2376 kaze the Ducker (level 9, -1/88 HPs)
             Began as a Troll Berserker on Jan 30, 2016.
             Was an Elder of Trog.
             Slain by a five-headed hydra (6 damage)
             ... on level 8 of the Dungeon on Feb 1, 2016.
             The game lasted 00:31:51 (5426 turns).

kaze the Ducker (Troll Berserker)                   Turns: 5426, Time: 00:31:51

Health: -1/88      AC:  7    Str: 30    XL:     9   Next: 21%
Magic:  8/8        EV: 12    Int:  3    God:    Trog [****..]
Gold:   297        SH:  0    Dex:  9    Spells: 0 memorised, 8 levels left

rFire  . . .     SeeInvis .     v - +0 war axe
rCold  + . .     Clarity  +     o - +2 robe {rN+}
rNeg   + . .     SustAt   +     (no shield)
rPois  .         Gourm    +     (helmet restricted)
rElec  .         Spirit   .     (no cloak)
rCorr  .         Warding  .     (gloves unavailable)
rMut   .         Stasis   .     (boots unavailable)
MR     .....                    c - amulet of clarity
Stlth  +.........               D - ring of protection from cold
                                q - ring of sustain attributes

@: not resistant to hostile enchantments, very unstealthy
A: unfitting armour, claws 3, fast metabolism 3, gourmand, regeneration 2,
shaggy fur 1, tough skin 2
a: Berserk, Trog's Hand, Brothers in Arms, Burn Spellbooks, Renounce Religion


You were on level 8 of the Dungeon.
You worshipped Trog.
Trog was greatly pleased with you.
You were full.

You visited 1 branch of the dungeon, and saw 8 of its levels.

You collected 297 gold pieces.

Inventory:

Hand Weapons
 v - a +0 war axe (weapon)
Armour
 a - a +0 animal skin
 o - a +2 robe of positive energy (worn)
 u - a +0 animal skin
Jewellery
 c - an amulet of clarity (around neck)
 i - a +5 ring of evasion {unknown}
 q - a ring of sustain attributes (left claw)
 w - a +2 ring of intelligence
 y - a +3 ring of intelligence
 A - an uncursed amulet of rage
 D - a ring of protection from cold (right claw)
 I - an uncursed ring of see invisible
Wands
 F - a wand of cold (5)
Scrolls
 e - 9 scrolls of identify
 g - a scroll of recharging
 h - a scroll of fear
 m - 2 scrolls of enchant armour
 n - 2 scrolls of remove curse
 x - 3 scrolls of teleportation
Potions
 d - a potion of lignification {unknown}
 f - 4 potions of curing {unknown}
 k - a potion of invisibility {unknown}
 s - 2 potions of cure mutation {unknown}
 t - 2 potions of flight {unknown}
 B - 2 potions of berserk rage {unknown}
 C - a potion of agility {unknown}
Comestibles
 b - 4 bread rations
 j - 2 beef jerkies
 l - 3 meat rations


   Skills:
 + Level 5.5 Fighting
 + Level 4.7 Axes
 + Level 7.8 Dodging
 - Level 3.7 Unarmed Combat


You had 8 spell levels left.
You didn't know any spells.

Dungeon Overview and Level Annotations

Branches:
Dungeon (8/15)             Temple (0/1) D:6            Lair (0/8) D:8

Altars:
Kikubaaqudgha

Portals:
Ossuary: D:8


Innate Abilities, Weirdness & Mutations

You are too large for most types of armour.
You have claws for hands.
Your metabolism is lightning-fast.
You like to eat raw meat.
You heal very quickly.
You are covered in fur (AC +1).
You have very tough skin (AC +2).


Message History

The big kobold barely misses you. The four-headed hydra bites you!
The four-headed hydra barely misses you.
The four-headed hydra bites you! The four-headed hydra bites you.
The sheep bellows!
You chop one of the four-headed hydra's heads off!
The three-headed hydra grows two more!
You hit the five-headed hydra. Your claw misses the five-headed hydra.
The five-headed hydra is lightly wounded.
The five-headed hydra bites you! x2
The five-headed hydra misses you. The five-headed hydra bites you!
The five-headed hydra bites you!
* * * LOW HITPOINT WARNING * * *
The big kobold splashes around in the water.
The five-headed hydra closely misses you.
The five-headed hydra bites you!
* * * LOW HITPOINT WARNING * * *
The five-headed hydra bites you.
* * * LOW HITPOINT WARNING * * *
The five-headed hydra bites you.
You die...

#......###.
**#........ #........
#>....... #........
#########...####
##.##.#..#...###.
##................
#@.(.(............
***#D#####...........
*,≈KKK≈≈≈#...........
#...YY.≈≈#...........
#..%..P≈≈###...####.#
#..P..≈≈P###...######
#.%.Y.≈≈.#......#....
##'''###'#......#....
*,,,,,*,,#......#....


You could see a five-headed hydra, a yak, 3 big kobolds and 2 sheep.

Vanquished Creatures
  Joseph (D:7)
  4 humans (D:7)
  A sky beast (D:5)
  A phantom (D:7)
  An ogre (D:8)
  2 centaurs (D:7)
  A gnoll sergeant (D:7)
  2 giant frogs
  A scorpion (D:4)
  2 crimson imps
  4 hounds
  A jelly (D:7)
  2 centaur skeletons
  3 giant frog skeletons
  Jessica (D:3)
  4 worker ants
  2 iguanas
  2 orc wizards (D:8)
  2 hound skeletons
  4 adders
  6 gnolls
  A shadow imp (D:7)
  An ooze (D:1)
  An adder zombie (D:8)
  A worm (D:2)
  An adder skeleton (D:7)
  4 giant geckos
  13 orcs
  8 bats
  3 giant cockroaches
  8 hobgoblins
  3 quokkas
  A ball python skeleton (D:4)
  A giant gecko skeleton (D:7)
  9 giant newts
  9 goblins
  19 jackals
  A jackal zombie (D:7)
  8 kobolds
  8 rats
147 creatures vanquished.

Vanquished Creatures (collateral kills)
  A big kobold (D:8)
  An adder (D:8)
  A kobold (D:8)
3 creatures vanquished.

Vanquished Creatures (others)
  A rat (D:2)
  A plant (D:8)
2 creatures vanquished.

Grand Total: 152 creatures vanquished

Notes
Turn   | Place    | Note
--------------------------------------------------------------
     0 | D:1      | kaze the Troll Berserker began the quest for the Orb.
     0 | D:1      | Reached XP level 1. HP: 22/22 MP: 0/0
   128 | D:1      | Reached XP level 2. HP: 26/29 MP: 1/1
   299 | D:1      | Reached ** piety under Trog
   306 | D:1      | Reached XP level 3. HP: 28/36 MP: 2/2
   719 | D:2      | Found an ancient bone altar of Kikubaaqudgha.
  1155 | D:2      | Reached XP level 4. HP: 41/45 MP: 3/3
  1269 | D:2      | Reached *** piety under Trog
  1982 | D:3      | Noticed Jessica
  1988 | D:3      | Killed Jessica
  2181 | D:4      | Reached XP level 5. HP: 53/53 MP: 4/4
  2440 | D:4      | Reached skill level 4 in Dodging
  2913 | D:4      | Reached XP level 6. HP: 51/61 MP: 5/5
  2928 | D:5      | Entered Level 5 of the Dungeon
  3233 | D:5      | Reached skill level 1 in Axes
  3233 | D:5      | Reached skill level 5 in Dodging
  3524 | D:6      | Reached XP level 7. HP: 63/67 MP: 6/6
  3835 | D:6      | Found a staircase to the Ecumenical Temple.
  4159 | D:7      | Noticed Joseph
  4168 | D:7      | Killed Joseph
  4168 | D:7      | Reached skill level 6 in Dodging
  4174 | D:7      | Reached XP level 8. HP: 31/79 MP: 7/7
  4236 | D:7      | Noticed a human
  4239 | D:7      | Noticed a human
  4249 | D:7      | Noticed a human
  4269 | D:7      | Killed a human
  4280 | D:7      | Noticed a human
  4312 | D:7      | Killed a human
  4359 | D:7      | Killed a human
  4359 | D:7      | Reached skill level 7 in Dodging
  4363 | D:7      | HP: 5/118 [human (5)]
  4365 | D:7      | Killed a human
  4365 | D:7      | Reached skill level 5 in Fighting
  4878 | D:7      | Reached XP level 9. HP: 68/88 MP: 8/8
  5077 | D:8      | Reached **** piety under Trog
  5216 | D:8      | Found a sand-covered staircase.
  5422 | D:8      | Noticed a three-headed hydra
  5426 | D:8      | Slain by a five-headed hydra

Action                   |  1- 3 |  4- 6 |  7- 9 || total
-------------------------+-------+-------+-------++-------
Melee: Unarmed           |   124 |    59 |       ||   183
       Long sword        |       |    17 |       ||    17
       War axe           |       |   107 |   234 ||   341
Invok: Berserk           |     1 |       |     4 ||     5
       Trog's Hand       |     1 |       |     5 ||     6
  Use: Scroll            |       |       |    12 ||    12
 Stab: Sleeping          |     1 |       |       ||     1
  Eat: Chunk             |    12 |    16 |    15 ||    43
       Bread ration      |       |     2 |       ||     2
       Royal jelly       |       |       |     2 ||     2
       Meat ration       |       |       |     1 ||     1
